 Dungeon Crawl Stone Soup version 0.28.0-45-g0d030f2227 (webtiles) character file.

Game seed: 13181542181323454668

1528 pkoi the Zephyrmancer (level 8, -6/57 HPs)
             Began as a Demigod Air Elementalist on Apr 6, 2022.
             Mangled by an orc warrior
             ... wielding a +0 broad axe
              (17 damage)
             ... on level 7 of the Dungeon.
             The game lasted 00:16:13 (8110 turns).

pkoi the Zephyrmancer (Demigod Air Elementalist)    Turns: 8110, Time: 00:16:14

Health: -6/57      AC:  5    Str:  9    XL:     8   Next: 29%
Magic:  6/13       EV: 12    Int: 25    God:
Gold:   276        SH:  0    Dex: 14    Spells: 2/10 levels left

rFire   . . .      SeeInvis .   c - +0 short sword
rCold   . . .      Faith    .   (no shield)
rNeg    . . .      Spirit   .   a - +0 robe
rPois   .          Reflect  .   k - +2 helmet
rElec   .          Harm     .   (no cloak)
rCorr   .          Rampage  .   (no gloves)
Will    .....                   (no boots)
Stlth   ++........              n - amulet of regeneration
HPRegen 0.99/turn               (no ring)
MPRegen 0.13/turn               (no ring)

@: no status effects
A: high MP 1, forlorn, divine attributes
a: no special abilities


You were on level 7 of the Dungeon.
You visited 2 branches of the dungeon, and saw 9 of its levels.

You collected 276 gold pieces.

Inventory:

Hand Weapons
 c - a +0 short sword (weapon)
Missiles
 f - 21 poisoned darts
 o - 5 boomerangs of dispersal
Armour
 a - a +0 robe (worn)
 k - a +2 helmet (worn)
Jewellery
 n - an amulet of regeneration (around neck)
 q - the amulet of the Solstice {Faith rPois}
   (You found it on level 4 of the Dungeon)

   [amulet of faith]

   It allows you to gain divine favour quickly.
   rPois:     It protects you from poison.
 B - a ring of fire
Wands
 A - a wand of polymorph (13)
Scrolls
 b - 9 scrolls of identify {unknown}
 d - 2 scrolls of teleportation {unknown}
 e - a scroll of amnesia {unknown}
 i - a scroll of summoning {unknown}
 p - 2 scrolls of immolation {unknown}
 s - a scroll of enchant weapon {unknown}
 t - a scroll of noise {unknown}
 u - a scroll of enchant armour {unknown}
 x - a scroll of silence {unknown}
 y - a scroll of blinking {unknown}
 C - 2 scrolls of holy word {unknown}
Potions
 g - a potion of berserk rage {unknown}
 h - a potion of cancellation {unknown}
 j - a potion of ambrosia {unknown}
 l - 3 potions of curing
 m - a potion of haste {unknown}
 r - a potion of resistance {unknown}
 v - 2 potions of degeneration {unknown}
 w - 2 potions of attraction {unknown}
 z - 3 potions of flight {unknown}
 D - a potion of invisibility {unknown}


   Skills:
 - Level 1.7 Dodging
 - Level 1.7 Stealth
 - Level 1.7 Spellcasting
 - Level 0.8 Conjurations
 + Level 10.3 Air Magic


You had 2 spell levels left.
You knew the following spells:

 Your Spells              Type           Power      Damage    Failure   Level
a - Shock                 Conj/Air       100%       1d9       1%          1
b - Swiftness             Air            52%        N/A       1%          3
c - Airstrike             Air            26%        N/A       1%          4

Your spell library contained the following spells:

 Spells                   Type           Power      Damage    Failure   Level
 Static Discharge         Conj/Air       30%        N/A       1%          2
 Freeze                   Ice            8%         1d3       12%         1
 Call Canine Familiar     Summ           2%         N/A       34%         3
 Frozen Ramparts          Ice            4%         1d2       34%         3
 Portal Projectile        Hex/Tloc       4%         N/A       34%         3
 Hailstorm                Conj/Ice       4%         3d4       67%         4
 Leda's Liquefaction      Hex/Erth       1%         N/A       75%         4


Dungeon Overview and Level Annotations

Branches:
Dungeon (8/15)             Temple (1/1) D:6
   Lair: D:8-11

Shops:
D:6 (

Annotations:
D:3 2 runed translucent doors, Icepheonix32's ghost, amateur DsFi


Innate Abilities, Weirdness & Mutations

You have an increased reservoir of magic. (+10% MP)
You shall have no god before yourself.
Your divine heritage dramatically boosts your attributes as you level up.


Message History

An orc comes into view.
It is wielding a +2 whip of electrocution.
The zap hits the orc priest.
The orc priest is severely wounded.
The zap hits the orc priest.
The orc priest is almost dead.
The zap hits the orc priest!
You kill the orc priest!
Unknown command.
There is a stone staircase leading up here.
The orc warrior hits you with a +0 broad axe!!
* * * LOW HITPOINT WARNING * * *
You climb upwards.
There is a stone staircase leading down here.
Unknown command.
The orc warrior misses you.
The orc warrior hits you but does no damage.
Aiming: Shock (safe; 1% risk of failure)
Press: ? - help, Q - select action, (/) - cycle Shift-Dir - straight line The zap hits the orc warrior.
The orc warrior is lightly wounded.
The zap hits the orc warrior but does no damage.
The orc warrior is lightly wounded.
The orc warrior hits you with a +0 broad axe!
* * * LOW HITPOINT WARNING * * *
Aiming: Shock (safe; 1% risk of failure)
Press: ? - help, Q - select action, (/) - cycle Shift-Dir - straight line The zap hits the orc warrior but does no damage.
The orc warrior is lightly wounded.
The zap hits the orc warrior but does no damage.
The orc warrior is lightly wounded.
The orc warrior hits you with a +0 broad axe!!
* * * LOW HITPOINT WARNING * * *
Aiming: Shock (safe; 1% risk of failure)
Press: ? - help, Q - select action, (/) - cycle Shift-Dir - straight line The zap hits the orc warrior but does no damage.
The orc warrior is lightly wounded.
The zap hits the orc warrior.
The orc warrior is moderately wounded.
The orc warrior hits you with a +0 broad axe!
You die...

...##..##..#....##...###.##..##..
...######..#....##...###.######..
...##..##..##..(.#............#..
#..##..##..##..).#............#..
....#...#........#............#..
....#...#.......########.##..###.
....'..##..##...##.>####.##..###.
(...#..##..##....o..'.....'......
#..##..#.[..#...@...#.....#......
#####..#....#...##..##<...#.####.
#...#....'...##..############.
#...##..##...)........# #....
#....#####.......<...(# #....
#....# #........##..## ##...
#.#### #........##### #### ###
#.........# #.........#


You could see an orc warrior.

Vanquished Creatures
  Maggie (D:7)
  Menkaure (D:7)
  3 ice beasts
  A kobold brigand (D:7)
  A bullfrog (D:7)
  A scorpion (D:4)
  A water moccasin skeleton (D:5)
  3 howler monkeys (D:6)
  A bullfrog zombie (D:7)
  A hound (D:6)
  A bullfrog skeleton (D:6)
  2 orc priests
  2 iguanas
  Terence (D:2)
  3 orc wizards
  A hound skeleton (D:5)
  5 adders
  A white imp (D:7)
  An ufetubus (D:6)
  2 worms (D:2)
  2 dart slugs
  17 orcs
  2 endoplasms
  3 giant cockroaches
  11 goblins
  10 hobgoblins
  8 kobolds
  3 quokkas
  4 ball pythons
  5 bats
  7 frilled lizards
  4 rats
109 creatures vanquished.

Vanquished Creatures (others)
  An orc wizard (D:6)
1 creature vanquished.

Grand Total: 110 creatures vanquished

Notes
Turn   | Place    | Note
-------+----------+-------------------------------------------
     0 | D:1      | pkoi the Demigod Air Elementalist began the quest for the
                  | Orb.
     0 | D:1      | Reached XP level 1. HP: 14/14 MP: 5/5
    64 | D:1      | Reached skill level 3 in Air Magic
   335 | D:1      | Reached XP level 2. HP: 17/20 MP: 1/7
  1450 | D:2      | Reached XP level 3. HP: 26/26 MP: 6/8
  1486 | D:2      | Reached skill level 4 in Air Magic
  2084 | D:2      | Noticed Terence
  2106 | D:2      | Killed Terence
  2677 | D:2      | Reached XP level 4. HP: 24/33 MP: 4/9
  3080 | D:3      | Found a runed translucent door.
  3175 | D:3      | Reached skill level 5 in Air Magic
  3322 | D:3      | Noticed Icepheonix32's ghost (amateur DsFi)
  3371 | D:3      | Found a runed translucent door.
  3371 | D:3      | Noticed a bullfrog
  3751 | D:3      | Noticed an ice beast
  3763 | D:3      | Killed an ice beast
  3764 | D:3      | Reached XP level 5. HP: 29/38 MP: 0/10
  4110 | D:4      | Identified the amulet of the Solstice {Faith rPois}
  4291 | D:4      | Reached skill level 6 in Air Magic
  4668 | D:5      | Entered Level 5 of the Dungeon
  4886 | D:5      | Noticed a sky beast
  4973 | D:4      | Learned a level 3 spell: Swiftness
  5030 | D:4      | Reached XP level 6. HP: 5/45 MP: 0/11
  5273 | D:6      | Found a staircase to the Ecumenical Temple.
  5374 | D:6      | Reached skill level 7 in Air Magic
  5726 | D:6      | Learned a level 4 spell: Airstrike
  5789 | D:6      | Found Olufied's Antique Weapon Emporium.
  6167 | Temple   | Entered the Ecumenical Temple
  6631 | D:7      | Reached XP level 7. HP: 48/50 MP: 7/12
  6701 | D:7      | Noticed Maggie
  6753 | D:6      | Reached skill level 8 in Air Magic
  7125 | D:6      | Reached skill level 9 in Air Magic
  7522 | D:7      | Noticed Menkaure
  7529 | D:7      | Killed Menkaure
  7530 | D:7      | Reached XP level 8. HP: 47/57 MP: 6/13
  7616 | D:7      | Killed Maggie
  7617 | D:7      | Reached skill level 10 in Air Magic
  8110 | D:7      | Mangled by an orc warrior

Illustrated notes

Levels and vault maps discovered:
D:1:      minmay_arrival_up_and_down, layout_rooms,
          minmay_misc_feat_more_columns, due_unseen_surprise
D:2:      layout_loops_cross, shapermc_ecumenical_altar_totnotflames,
          minmay_door_square, uniq_terence
D:3:      layout_loops_ring, mainiacjoe_overflow_alcove_4,
          ebering_ghost_sewer_f, minmay_fountain_box
D:4:      layout_rooms
D:5:      layout_cave_pods
D:6:      layout_rooms, minmay_temple_entry_waves, serial_shops,
          nicolae_shop_advertising_works [nicolae_subvault_shop_adworks],
          nrook_mini_vaults
D:7:      layout_gridville, uniq_menkaure, uniq_maggie
D:8:      layout_cave_pods, uniq_prince_ribbit1, uniq_gastronok
Temple:   mainiacjoe_temple_trianglar_array

Skill      XL: |  1  2  3  4  5  6  7  8 |
---------------+-------------------------+-----
Air Magic      | 3 4 5 6 7 9 10 | 10.3
Dodging        | |  1.7
Stealth        | |  1.7
Spellcasting   | |  1.7
Conjurations   | |  0.8

Action                   |  1- 3 |  4- 6 |  7- 9 || total
-------------------------+-------+-------+-------++-------
Melee: Short sword       |    16 |    26 |     1 ||    43
       Punch             |       |       |     1 ||     1
 Cast: Shock             |   105 |   135 |    75 ||   315
  Use: Potion            |       |     2 |       ||     2
 Stab: Sleeping          |       |     1 |       ||     1
Armor: Robe              |     4 |    25 |    21 ||    50
Dodge: Dodged            |    33 |    35 |    61 ||   129
